 Dungeon Crawl Stone Soup version 0.24.0-1-gfbc8707 (webtiles) character file.

Game seed: 2189620545926156968, levelgen mode: deterministic

39071 Exaltedone87 the Cleaver (level 13, -6/121 HPs)
             Began as a Deep Dwarf Fighter on Nov 1, 2019.
             Was the Champion of Makhleb.
             Killed from afar by an acid blob (11 damage)
             ... with a splash of acid
             ... on level 5 of the Lair of Beasts.
             The game lasted 00:33:32 (12997 turns).

Exaltedone87 the Cleaver (Deep Dwarf Fighter)      Turns: 12997, Time: 00:33:33

Health: -6/121     AC:  0    Str: 27    XL:     13   Next: 67%
Magic:  15/15      EV: 12    Int: 10    God:    Makhleb [******]
Gold:   1027       SH: 15    Dex: 16    Spells: 12/12 levels left

rFire    . . .     SeeInvis .   y - +8 war axe (freeze)
rCold    . . .     Gourm    .   c - +2 shield
rNeg     + . .     Faith    .   g - +1 plate armour of Refuge {rN+ Dex+3 Slay+5}
rPois    .         Spirit   .   b - +0 helmet
rElec    .         Reflect  .   t - scarf {cloud immunity}
rCorr    .         Harm     .   w - +0 pair of gloves
MR       +....                  (no boots)
Stlth    ..........             (no amulet)
HPRegen  0.00/turn              m - +4 ring of strength
MPRegen  0.14/turn              x - +3 ring of evasion

@: corroded, very slightly contaminated, non-regenerating
A: damage resistance, heal wounds, sense surroundings 2, no regeneration
a: Heal Wounds, Minor Destruction, Lesser Servant of Makhleb, Major Destruction,
Greater Servant of Makhleb, Renounce Religion


You were on level 5 of the Lair of Beasts.
You worshipped Makhleb.
Makhleb was exalted by your worship.
You were hungry.

You visited 3 branches of the dungeon, and saw 17 of its levels.

You collected 1027 gold pieces.

Inventory:

Hand Weapons
 y - a +8 war axe of freezing (weapon)
Missiles
 u - 12 boomerangs
Armour
 b - a +0 helmet (worn)
 c - a +2 shield (worn)
 g - the +1 plate armour of Refuge (worn) {rN+ Dex+3 Slay+5}
   (You found it on level 6 of the Dungeon)

   It affects your dexterity (+3).
   It affects your accuracy and damage with ranged weapons and melee attacks
   (+5).
   It protects you from negative energy.
 t - a scarf of cloud immunity (worn)
 w - a +0 pair of gloves (worn)
Jewellery
 i - an uncursed ring of poison resistance
 m - a +4 ring of strength (left hand)
 n - an uncursed ring of protection from cold
 x - a +3 ring of evasion (right hand)
 H - an uncursed ring of see invisible {unknown}
 I - an uncursed ring of fire {unknown}
 J - an uncursed amulet of guardian spirit {unknown}
Wands
 d - a wand of random effects (46)
 e - a wand of iceblast (7)
 j - a wand of disintegration (11)
 q - a wand of acid (9)
 z - a wand of digging (4)
 B - a wand of enslavement (5)
 C - a wand of flame (18)
Scrolls
 h - 6 scrolls of remove curse
 k - 6 scrolls of magic mapping
 l - 2 scrolls of blinking
 o - 5 scrolls of teleportation
 r - a scroll of amnesia
 G - a scroll of fog
 K - 2 scrolls of identify (quivered)
Potions
 a - 4 potions of flight
 p - 6 potions of curing
 s - a potion of might
 v - a potion of resistance
 D - a potion of heal wounds
 E - 2 potions of mutation
 F - a potion of brilliance
Comestibles
 f - 32 rations


   Skills:
 + Level 9.5 Fighting
 * Level 14.7 Axes
 + Level 11.1 Armour
 + Level 4.4 Dodging
 + Level 11.2 Shields
 + Level 11.3 Invocations


You had 12 spell levels left.
You didn't know any spells.
Your spell library contained the following spells:

 Spells                   Type           Power        Failure   Level  Hunger
 Corona                   Hex            #......      99%         1    ##.....
 Sandblast                Erth           #.....       99%         1    ##.....
 Shock                    Conj/Air       #...         99%         1    ##.....
 Ensorcelled Hibernation  Hex/Ice        #.....       100%        2    ###....
 Passwall                 Tmut/Erth      #.......     100%        2    ###....
 Slow                     Hex            #.......     100%        2    ###....
 Swiftness                Chrm/Air       #.......     100%        2    ###....
 Confuse                  Hex            #.......     100%        3    ####...
 Dazzling Spray           Conj/Hex       #.....       100%        3    ####...
 Inner Flame              Hex/Fire       #.......     100%        3    ####...
 Portal Projectile        Hex/Tloc       #.....       100%        3    ####...
 Static Discharge         Conj/Air       #.......     100%        3    ####...
 Stone Arrow              Conj/Erth      #.....       100%        3    ####...
 Tukima's Dance           Hex            #.......     100%        3    ####...
 Airstrike                Air            #.........   100%        4    #####..
 Cause Fear               Hex            #.........   100%        4    #####..
 Leda's Liquefaction      Hex/Erth       #.........   100%        4    #####..
 Petrify                  Tmut/Erth      #.......     100%        4    #####..
 Summon Lightning Spire   Summ/Air       #.......     100%        4    #####..
 Lee's Rapid Deconstruct  Erth           #.........   100%        5    ######.
 Lightning Bolt           Conj/Air       #.........   100%        5    ######.
 Silence                  Hex/Air        #.........   100%        5    ######.
 Conjure Ball Lightning   Conj/Air       #.........   100%        6    #######
 Deflect Missiles         Chrm/Air       #.........   100%        6    #######
 Tornado                  Air            #.........   100%        9    #######


Dungeon Overview and Level Annotations

Branches:
Dungeon (11/15)            Temple (1/1) D:4            Lair (5/6) D:8
  Swamp (0/4) Lair:4       Spider (0/4) Lair:3        Slime (0/5) Lair:5
    Orc (0/2) D:9

Altars:
Ashenzari
Dithmenos
Elyvilon
Fedhas
Gozag
Hepliaklqana
Kikubaaqudgha
Makhleb
Nemelex Xobeh
Okawaru
Qazlal
Ru
Sif Muna
Trog
Uskayaw
Vehumet
Wu Jian
Xom
Yredelemnul
Zin
The Shining One
Jiyva

Shops:
D:7 }

Annotations:
D:3 2 transporters


Innate Abilities, Weirdness & Mutations

You are resistant to damage.
You can heal yourself by infusing magical energy.
You passively map the area around you.
You do not regenerate.


Message History

You are splashed with acid.
* * * LOW HITPOINT WARNING * * *
What are your orders? t - Shout!
Orders for allies: a - Attack new target. r - Retreat! s - Stop attacking. g - Guard the area. f - Follow me.
Anything else - Cancel.
Retreat in which direction?
Press: ? - help, Dir - move target cursor, f - you
Okay, then.
Blink to where?
Press: ? - help, Dir - move target cursor You are very lightly contaminated with residual magic.
As you read the scroll of blinking, it crumbles to dust.
The acid blob spits acid at you. The splash of acid misses you.
The acid blob spits acid at you. The splash of acid hits you!
You die...

.........P.....#....P#
...#......P...#.#....#
...##...#........P..##
..##.................#
.............###P....#
......#.##...###....P##
....#......>.##.......#
..###.........##....#.#
.###.......###..@....##
.......###...P.>P...##
⌠....######...P.P...##
....##...##...##P....####
..⌠...........##....#.#.#
....###.................#
⌠....###P.....####....#.#
.......#.....###
#####J.##
.##.........#..#
#..J#§..#


You could see an acid blob.

Vanquished Creatures
  Josephine (D:10)
  4 hydras
  An ice dragon (Lair:4)
  2 two-headed ogres
  A centaur warrior (D:10)
  An ugly thing (D:11)
  A cyclops (D:11)
  4 oklob plants
  3 elephants (Lair:4)
  A torpor snail (Lair:2)
  A black mamba (Lair:3)
  5 spiny frogs
  2 gargoyles
  A rime drake (Lair:3)
  The ghost of dialectric the Cudgeler, a novice GrFi (D:4)
  4 komodo dragons
  2 polar bears (Lair:5)
  2 trolls
  A queen bee (D:11)
  10 hippogriffs
  5 dream sheep (Lair:5)
  15 blink frogs
  2 shadows
  A wyvern (Lair:4)
  42 yaks
  6 wraiths
  Eustachio (D:6)
  2 basilisks
  3 hungry ghosts
  Menkaure (D:7)
  An acid dragon (D:11)
  7 water moccasins
  8 porcupines
  Duvessa (D:7)
  3 ice beasts
  5 orc warriors
  6 ogres
  A sky beast (D:5)
  2 phantoms
  13 wolves
  2 necrophages
  3 centaurs
  11 crocodiles
  9 big kobolds
  14 bullfrogs
  A gnoll sergeant (D:9)
  Dowan (D:7)
  4 scorpions
  25 killer bees
  3 wights (D:6)
  4 howler monkeys
  4 crimson imps
  A centaur zombie (D:6)
  A bullfrog zombie (D:5)
  A jelly (D:9)
  4 orc priests
  5 hounds
  A centaur skeleton (D:8)
  An orc wizard (D:7)
  2 bullfrog skeletons
  Terence (D:2)
  6 iguanas
  6 worker ants
  A hound skeleton (D:8)
  2 worker ant zombies
  13 adders
  6 gnolls
  3 shadow imps
  2 oozes
  An adder skeleton (D:8)
  2 adder zombies
  7 worms
  3 dart slugs
  4 leopard geckos
  22 orcs
  4 giant cockroaches
  2 goblins
  8 hobgoblins
  8 jackals
  5 quokkas
  5 ball pythons
  A ball python zombie (D:5)
  6 bats
  3 frilled lizards (D:2)
  10 kobolds
  5 rats
  A fungus (Lair:4)
  2 plants (Lair:4)
409 creatures vanquished.

Vanquished Creatures (collateral kills)
  A hydra (Lair:4)
  2 yaks (Lair:3)
3 creatures vanquished.

Vanquished Creatures (others)
  3 fungi (Lair:5)
  5 plants
8 creatures vanquished.

Grand Total: 420 creatures vanquished

Notes
Turn   | Place    | Note
-------+----------+-------------------------------------------
     0 | D:1      | Exaltedone87 the Deep Dwarf Fighter began the quest for the
                  | Orb.
     0 | D:1      | Reached XP level 1. HP: 20/20 MP: 1/1
   251 | D:1      | Reached XP level 2. HP: 22/27 MP: 2/2
   744 | D:2      | Reached skill level 3 in Axes
   744 | D:2      | Reached XP level 3. HP: 26/33 MP: 3/3
   847 | D:2      | Noticed Terence
   863 | D:2      | Killed Terence
   863 | D:2      | Reached XP level 4. HP: 28/42 MP: 4/4
  1124 | D:2      | Found a shimmering blue altar of Sif Muna.
  1421 | D:3      | Found a transporter.
  1572 | D:3      | Reached skill level 4 in Axes
  1671 | D:3      | Found a transporter.
  1723 | D:3      | Found a faded altar of an unknown god.
  1744 | D:3      | Reached XP level 5. HP: 29/49 MP: 5/5
  2080 | D:4      | Found a blossoming altar of Fedhas.
  2286 | D:4      | Found a staircase to the Ecumenical Temple.
  2291 | Temple   | Entered the Ecumenical Temple
  2512 | Temple   | Became a worshipper of Makhleb the Destroyer
  2579 | D:4      | Found a runed translucent door.
  2591 | D:4      | Noticed dialectric's ghost (novice GrFi)
  2621 | D:4      | HP: 1/49 [dialectric's ghost (9)]
  2630 | D:4      | Killed dialectric's ghost
  2630 | D:4      | Reached skill level 5 in Axes
  2630 | D:4      | Reached XP level 6. HP: 21/57 MP: 5/5
  2915 | D:5      | Entered Level 5 of the Dungeon
  2915 | D:5      | Noticed an ice beast
  2946 | D:5      | Killed an ice beast
  2956 | D:5      | Reached XP level 7. HP: 42/64 MP: 5/5
  3063 | D:5      | Reached skill level 5 in Armour
  3119 | D:5      | Reached skill level 5 in Shields
  3498 | D:5      | Reached skill level 6 in Axes
  3673 | D:5      | Reached XP level 8. HP: 33/73 MP: 5/5
  3726 | D:5      | Reached * piety under Makhleb
  3903 | D:6      | Noticed Eustachio
  3925 | D:6      | Killed Eustachio
  3925 | D:6      | Reached skill level 7 in Axes
  4116 | D:6      | Reached skill level 1 in Invocations
  4119 | D:6      | Got a crude plate armour
  4123 | D:6      | Identified the +1 plate armour of Refuge {rN+ Dex+3 Slay+5}
                  | (You found it on level 6 of the Dungeon)
  4156 | D:6      | Reached skill level 5 in Fighting
  4177 | D:6      | Got a jewelled chain mail
  4306 | D:6      | Found a basalt altar of Yredelemnul.
  4674 | D:7      | Found Xiubuy's Gadget Shop.
  4680 | D:7      | Reached skill level 8 in Axes
  4756 | D:7      | Found a radiant altar of Vehumet.
  4787 | D:7      | Noticed Duvessa
  4792 | D:7      | Noticed Dowan
  4794 | D:7      | Killed Duvessa
  4802 | D:7      | Killed Dowan
  4802 | D:7      | Gained mutation: You passively map the area around you.
                  | [Deep Dwarf growth]
  4802 | D:7      | Reached XP level 9. HP: 34/81 MP: 8/8
  4900 | D:7      | Noticed Menkaure
  4907 | D:7      | Killed Menkaure
  5162 | D:7      | Found a shimmering altar of Xom.
  5358 | D:7      | Reached skill level 9 in Axes
  5610 | D:8      | Found a staircase to the Lair.
  5743 | D:8      | Reached ** piety under Makhleb
  6004 | D:8      | Reached skill level 5 in Invocations
  6497 | D:9      | Reached XP level 10. HP: 91/91 MP: 10/10
  6559 | D:9      | Found a blossoming altar of Fedhas.
  6561 | D:9      | Noticed an oklob plant
  6561 | D:9      | Noticed an oklob plant
  6568 | D:9      | Killed an oklob plant
  6568 | D:9      | Reached skill level 10 in Axes
  6826 | D:9      | Killed an oklob plant
  6866 | D:9      | Found a staircase to the Orcish Mines.
  6961 | D:9      | Reached *** piety under Makhleb
  6972 | D:9      | Reached skill level 11 in Axes
  6997 | D:9      | Reached XP level 11. HP: 82/100 MP: 13/13
  7043 | D:9      | Found an iron altar of Okawaru.
  7049 | D:9      | Found a shimmering altar of Xom.
  7059 | D:9      | Found a shadowy altar of Dithmenos.
  7066 | D:9      | Found an opulent altar of Gozag.
  7070 | D:9      | Found a stormy altar of Qazlal.
  7076 | D:9      | Found a sacrificial altar of Ru.
  7080 | D:9      | Found a hazy altar of Hepliaklqana.
  7223 | D:9      | Noticed a two-headed ogre
  7236 | D:9      | Killed a two-headed ogre
  7381 | D:10     | Entered Level 10 of the Dungeon
  7432 | D:10     | Identified the cursed +0 chain mail of Supple Strength
                  | {*Drain +Inv rCorr Str+2} (You found it on level 6 of the
                  | Dungeon)
  7516 | D:10     | Got a smoking mace
  7519 | D:10     | Identified the +7 mace of the Jolly Stars {venom, Fragile
                  | Str+5} (You found it on level 10 of the Dungeon)
  7532 | D:10     | Noticed Josephine
  7535 | D:10     | Noticed a centaur warrior
  7549 | D:10     | Killed Josephine
  7578 | D:10     | Killed a centaur warrior
  7578 | D:10     | Reached skill level 12 in Axes
  7649 | D:10     | Reached **** piety under Makhleb
  8480 | D:11     | Noticed a two-headed ogre
  8489 | D:11     | Killed a two-headed ogre
  8606 | D:11     | Reached ***** piety under Makhleb
  8636 | D:11     | Noticed a cyan ugly thing
  8648 | D:11     | HP: 1/103 [cyan ugly thing (9)]
  8653 | D:11     | Killed a cyan ugly thing
  8657 | D:11     | Reached XP level 12. HP: 64/110 MP: 15/15
  9033 | Lair:1   | Entered Level 1 of the Lair of Beasts
  9188 | Lair:1   | Noticed a four-headed hydra
  9206 | Lair:1   | Killed a four-headed hydra
  9206 | Lair:1   | Reached skill level 13 in Axes
  9372 | Lair:1   | Reached skill level 10 in Shields
  9789 | Lair:2   | Noticed a four-headed hydra
  9803 | Lair:2   | Killed a nine-headed hydra
  9803 | Lair:2   | Reached skill level 10 in Armour
  9914 | Lair:2   | Reached skill level 10 in Invocations
 10313 | Lair:2   | Reached skill level 1 in Dodging
 10379 | Lair:3   | Noticed a seven-headed hydra
 10432 | Lair:3   | Killed a 19-headed hydra
 10702 | Lair:3   | Reached XP level 13. HP: 70/121 MP: 17/17
 10709 | Lair:3   | Reached skill level 14 in Axes
 10885 | Lair:3   | Found a hole to the Spider Nest.
 11631 | Lair:4   | Found a staircase to the Swamp.
 12110 | Lair:4   | Got a dazzling ring mail
 12122 | Lair:4   | Identified the +1 ring mail of Saizenoh {Dex+2} (You found
                  | it on level 4 of the Lair of Beasts)
 12366 | Lair:5   | Reached ****** piety under Makhleb
 12806 | Lair:5   | Found a runed translucent door.
 12806 | Lair:5   | Found a viscous altar of Jiyva.
 12806 | Lair:5   | Found a staircase to the Slime Pits.
 12806 | Lair:5   | Noticed an acid blob
 12806 | Lair:5   | Noticed an acid blob
 12994 | Lair:5   | HP: 5/121 [acid (2)]
 12997 | Lair:5   | Killed from afar by an acid blob

Levels and vault maps discovered:
D:1:      lightli_arrival_noodles, layout_loops_ring
D:2:      layout_rooms, first_ration, led_sif_pool, uniq_terence
D:3:      gammafunk_steamed_eel, layout_loops_ring,
          chequers_ecumenical_altar_simple_redux,
          chequers_serial_rivers_micro_e, kennysheep_crisscross
D:4:      layout_basic, temple_doors_e, ebering_ghost_reflecting_pool,
          fedhas_altar_3
D:5:      minmay_bubble_buster, layout_cave_pods
D:6:      layout_basic, minmay_misc_feat_iff, yredelemnul_altar_generic,
          uniq_eustachio
D:7:      layout_loops_corners, vehumet_crystals, serial_shops, shop,
          lemuel_statue_altar, uniq_menkaure, uniq_duvessa
D:8:      layout_layer_cave, dpeg_oklobed_lair
D:9:      layout_rooms, grunt_temple_overflow_octagram,
          kennysheep_orc_monster_closet_entryway, hangedman_tree_tricks
D:10:     minmay_slanted_spiral_squares, layout_loops_corners, uniq_josephine
D:11:     layout_cave_pools, special_room [special_room_bee]
Temple:   eino_temple_lava
Lair:1:   layout_small_grid
Lair:2:   layout_cave_shapes
Lair:3:   layout_regular_city, spider_nest_entry_web_field,
          infiniplex_staircase_pool_2, grunt_megastairs_5
Lair:4:   dragon1_lemuel, layout_gridlike, swamp_mist,
          chequers_serial_rivers_room_b, minmay_lair_oklob_chamber
Lair:5:   layout_concentric_octagons, slime_altar_2, grunt_megastairs_4

Skill      XL: |  1  2  3  4  5  6  7  8  9 10 11 12 13 |
---------------+----------------------------------------+-----
Axes           | 3 4 5 6 8 9 11 12 13 14 | 14.7
Fighting       | 3 4 5 6 7 8 9 |  9.5
Armour         | 4 5 6 7 8 9 10 11 | 11.1
Shields        | 4 5 6 7 8 9 10 11 | 11.2
Invocations    | 3 5 7 9 10 11 | 11.3
Dodging        | 2 4 |  4.4

Action                   |  1- 3 |  4- 6 |  7- 9 | 10-12 | 13-15 || total
-------------------------+-------+-------+-------+-------+-------++-------
Melee: War axe           |   133 |   163 |   383 |   534 |   212 ||  1425
       Mace              |       |       |       |     9 |       ||     9
Throw: Boomerang         |       |       |       |       |     1 ||     1
Invok: Minor Destruction |       |       |       |    10 |    36 ||    46
       Major Destruction |       |       |       |     2 |     3 ||     5
       Lesser Servant of |       |       |       |     2 |     1 ||     3
 Abil: Heal Wounds       |     1 |     4 |     3 |     5 |     5 ||    18
  Use: Potion            |     4 |     2 |     2 |     3 |     1 ||    12
       Scroll            |     2 |     7 |     6 |    14 |     6 ||    35
 Stab: Distracted        |       |       |       |     1 |     1 ||     2
  Eat: Chunk             |       |     4 |     5 |     8 |     3 ||    20
       Ration            |       |     1 |     2 |     4 |     1 ||     8
Armor: Scale mail        |    93 |    51 |       |       |       ||   144
       Chain mail        |       |    29 |   130 |       |       ||   159
       Plate armour      |       |       |    87 |   302 |    93 ||   482
Dodge: Dodged            |    64 |    52 |    99 |   228 |    86 ||   529
Block: Shield            |    96 |    97 |   215 |   450 |   162 ||  1020
